 Dungeon Crawl Stone Soup version 0.28.0-45-g0d030f2227 (webtiles) character file.

Game seed: 17406450594410892324

102 GreyArmor the Ruffian (level 4, -3/45 HPs)
             Began as a Troll Berserker on Apr 11, 2022.
             Was a Believer of Trog.
             Slain by an ogre
             ... wielding a +0 giant spiked club
              (22 damage)
             ... on level 3 of the Dungeon.
             The game lasted 00:07:44 (2082 turns).

GreyArmor the Ruffian (Troll Berserker)             Turns: 2082, Time: 00:07:45

Health: -3/45      AC:  4    Str: 27    XL:     4   Next: 50%
Magic:  3/3        EV: 10    Int:  3    God:    Trog [**....]
Gold:   101        SH:  0    Dex:  9    Spells: 3/3 levels left

rFire   . . .      SeeInvis .   f - +2 hand axe (freeze)
rCold   . . .      Faith    .   (no shield)
rNeg    + . .      Spirit   .   a - +0 animal skin
rPois   .          Reflect  .   (helmet restricted)
rElec   .          Harm     .   (no cloak)
rCorr   .          Rampage  .   (gloves unavailable)
Will    .....                   (boots unavailable)
Stlth   +.........              (no amulet)
HPRegen 0.95/turn               l - ring of positive energy
MPRegen 0.08/turn               (no ring)

@: mighty
A: large, unfitting armour, claws 3, regeneration 1, shaggy fur 1, tough skin 1
a: Renounce Religion, Berserk, Trog's Hand


You were on level 3 of the Dungeon.
You worshipped Trog.
Trog was pleased with you.
You visited 1 branch of the dungeon, and saw 3 of its levels.

You collected 101 gold pieces.

Inventory:

Hand Weapons
 c - a +0 antimagic short sword
 f - a +2 hand axe of freezing (weapon)
Missiles
 d - 39 arrows
 g - 15 bolts
 h - 4 boomerangs of dispersal (quivered)
 i - 21 sling bullets
 n - 32 stones
Armour
 a - a +0 animal skin (worn)
Jewellery
 l - a ring of positive energy (left claw)
Scrolls
 e - a scroll of fear {unknown}
 j - a scroll of teleportation {unknown}
 k - 2 scrolls of identify {unknown}


   Skills:
 + Level 3.0 Fighting
 + Level 0.6 Short Blades
 + Level 0.9 Axes
 + Level 3.1 Dodging
 + Level 0.2 Stealth
 + Level 3.5 Unarmed Combat


You had 3 spell levels left.
You didn't know any spells.
Your spell library was empty.

Dungeon Overview and Level Annotations

Branches:
Dungeon (3/15)

Altars:


Innate Abilities, Weirdness & Mutations

You are too large for most types of armour.
You have claws for hands.
Your natural rate of healing is unusually fast.
You are covered in fur. (AC +1)
You have tough skin. (AC +1)


Message History

The endoplasm hits you.
* * * LOW HITPOINT WARNING * * *
The endoplasm freezes you.
You are frozen.
* * * LOW HITPOINT WARNING * * *
The endoplasm closely misses you. The endoplasm freezes you.
You are frozen.
* * * LOW HITPOINT WARNING * * *
The endoplasm misses you. The endoplasm barely misses you.
The endoplasm hits you but does no damage.
The endoplasm freezes you.
You are frozen.
The endoplasm hits you. The endoplasm freezes you.
You are frozen.
The endoplasm freezes you.
You are frozen.
You feel yourself speed up. The endoplasm freezes you.
You are frozen.
* * * LOW HITPOINT WARNING * * *
You recover from your berserk rage.
You hit the endoplasm. You freeze the endoplasm.
You kill the endoplasm!
Trog accepts your kill. The bat closely misses you.
You feel very mighty all of a sudden. The bat barely misses you.
The bat hits you but does no damage.
You hit the bat. You freeze the bat.
You kill the bat!
Trog accepts your kill.
You hit the ogre. You freeze the ogre.
The ogre is moderately wounded.
The ogre hits you with a +0 giant spiked club!
You barely miss the ogre.
The ogre is moderately wounded.
The ogre hits you with a +0 giant spiked club!!
You die...

#b#.........
.#.#.........
#.#.##########
. #b#### .#
#O...#
###.######b#
#.. #.O..#.#
#.###.##.#.#
#@#...##...#
#O#O########
#.#b# #.#.#
#.#.# #...#
#####


You could see an ogre.

Vanquished Creatures
  A hound (D:2)
  2 adders (D:2)
  2 dart slugs
  An orc (D:3)
  7 endoplasms
  A giant cockroach (D:2)
  3 goblins
  6 hobgoblins
  3 jackals (D:1)
  5 kobolds
  6 ball pythons
  6 bats
  2 frilled lizards (D:1)
  A rat (D:1)
46 creatures vanquished.

Vanquished Creatures (others)
  7 plants (D:1)
7 creatures vanquished.

Grand Total: 53 creatures vanquished

Notes
Turn   | Place    | Note
-------+----------+-------------------------------------------
     0 | D:1      | GreyArmor the Troll Berserker began the quest for the Orb.
     0 | D:1      | Reached XP level 1. HP: 22/22 MP: 0/0
   444 | D:1      | Reached XP level 2. HP: 27/29 MP: 0/1
  1354 | D:2      | Reached XP level 3. HP: 33/36 MP: 2/2
  1381 | D:2      | Found a faded altar of an unknown god.
  1418 | D:2      | Reached XP level 4. HP: 45/45 MP: 3/3
  1422 | D:2      | Reached ** piety under Trog
  2013 | D:3      | Noticed an ogre
  2025 | D:3      | HP: 1/67 [ogre/+0 giant spiked club (15)]
  2082 | D:3      | Slain by an ogre

Illustrated notes

Levels and vault maps discovered:
D:1:      amcnicky_arrival_abandoned_market, layout_loops_ring, serial_bayou,
          serial_bayou_lake_a, serial_bayou_pond_a, serial_bayou_ford_a,
          serial_bayou_pond_c
D:2:      layout_basic, basic_ecumenical_altar
D:3:      layout_basic, uniq_jessica

Skill      XL: |  1  2  3 |
---------------+----------+-----
Fighting       | 3 |  3.0
Dodging        | 3 |  3.1
Short Blades   | |  0.6
Axes           | |  0.9
Stealth        | |  0.2
Unarmed Combat | |  3.5

Action                   |  1- 3 |  4- 6 || total
-------------------------+-------+-------++-------
Melee: Unarmed           |    13 |       ||    13
       Short sword       |    26 |       ||    26
       Hand axe          |    31 |    37 ||    68
       Punch             |     2 |       ||     2
Invok: Berserk           |       |     1 ||     1
       Trog's Hand       |       |     1 ||     1
  Use: Potion            |       |     5 ||     5
Armor: Animal skin       |    36 |    19 ||    55
Dodge: Dodged            |    43 |    26 ||    69
